 Dungeon Crawl Stone Soup version 0.20.0-15-g7f486f2 (webtiles) character file.

32594 dvd the Demolition Troll (level 13, -2/117 HPs)
             Began as a Troll Monk on June 17, 2017.
             Was an Elder of Makhleb.
             Slain by a five-headed hydra (12 damage)
             ... on level 5 of the Lair of Beasts.
             The game lasted 00:47:50 (13654 turns).

dvd the Demolition Troll (Troll Monk)              Turns: 13654, Time: 00:47:51

Health: -2/117     AC: 10    Str: 24    XL:     13   Next: 32%
Magic:  20/22      EV: 14    Int:  6    God:    Makhleb [****..]
Gold:   832        SH:  0    Dex: 16    Spells: 6/14 levels left

rFire    + . .     SeeInvis +     - Unarmed
rCold    . . .     Gourm    +   (no shield)
rNeg     . . .     Faith    .   F - +2 robe {rF+}
rPois    +         Spirit   .   (helmet restricted)
rElec    .         Reflect  .   C - +2 cloak
rCorr    .         Harm     .   (gloves unavailable)
MR       +....                  (boots unavailable)
Stlth    ++........             (no amulet)
Regen    0.7/turn               e - ring of protection from magic
MPRegen  0.2/turn               E - ring of poison resistance

@: very slightly contaminated
A: unfitting armour, claws 3, see invisible, fast metabolism 3, gourmand,
regeneration 1, shaggy fur 1, strong 1, tough skin 2
a: Minor Destruction, Lesser Servant of Makhleb, Major Destruction, Renounce
Religion


You were on level 5 of the Lair of Beasts.
You worshipped Makhleb.
Makhleb was greatly pleased with you.
You were very full.

You visited 2 branches of the dungeon, and saw 15 of its levels.

You collected 832 gold pieces.

Inventory:

Hand Weapons
 g - a +0 giant spiked club
 l - the +4 Vampire's Tooth {vamp}
   (You found it on level 6 of the Dungeon)

   It inflicts no extra harm, but heals its wielder when it wounds a living foe.
Missiles
 i - 370 stones (quivered)
 z - 8 exploding tomahawks
 L - 8 tomahawks
Armour
 C - a +2 cloak (worn)
 F - a +2 robe of fire resistance (worn)
Jewellery
 d - an uncursed ring of protection from cold
 e - a ring of protection from magic (left claw)
 x - a +2 ring of intelligence
 E - a ring of poison resistance (right claw)
 I - an uncursed amulet of faith
 O - an uncursed ring of see invisible
Wands
 k - a wand of iceblast (13/15)
 o - a wand of disintegration (12/24)
 q - a wand of flame (9/48)
 A - a wand of disintegration (9/24)
 D - a wand of random effects (31/48)
 H - a wand of clouds (5/9)
 N - a wand of random effects (16/48)
Scrolls
 c - 17 scrolls of identify
 j - 2 scrolls of enchant armour
 p - 5 scrolls of remove curse
 r - 6 scrolls of teleportation
Potions
 h - a potion of cancellation
 m - 2 potions of flight {unknown}
 s - 2 potions of haste
 u - a potion of lignification
 v - 2 potions of magic
 w - a potion of might
 J - 4 potions of curing
Books
 a - a book of Necromancy

   Spells                             Type                      Level
   a - Pain                           Necromancy                   1
   b - Animate Skeleton               Necromancy                   1
   c - Vampiric Draining              Necromancy                   3
   d - Regeneration                   Charms/Necromancy            3
   e - Animate Dead                   Necromancy                   4
   f - Control Undead                 Necromancy                   4
 y - a book of Minor Magic

   Spells                             Type                      Level
   a - Magic Dart                     Conjuration                  1
   b - Blink                          Translocation                2
   c - Call Imp                       Summoning                    2
   d - Slow                           Hexes                        2
   e - Conjure Flame                  Conjuration/Fire             3
   f - Mephitic Cloud                 Conjuration/Poison/Air       3
 G - a book of Flames

   Spells                             Type                      Level
   a - Flame Tongue                   Conjuration/Fire             1
   b - Throw Flame                    Conjuration/Fire             2
   c - Conjure Flame                  Conjuration/Fire             3
   d - Inner Flame                    Hexes/Fire                   3
   e - Sticky Flame                   Conjuration/Fire             4
   f - Fireball                       Conjuration/Fire             5
 K - a book of Frost

   Spells                             Type                      Level
   a - Freeze                         Ice                          1
   b - Throw Frost                    Conjuration/Ice              2
   c - Ozocubu's Armour               Charms/Ice                   3
   d - Throw Icicle                   Conjuration/Ice              4
   e - Summon Ice Beast               Ice/Summoning                4
 M - a book of Debilitation

   Spells                             Type                      Level
   a - Corona                         Hexes                        1
   b - Slow                           Hexes                        2
   c - Inner Flame                    Hexes/Fire                   3
   d - Portal Projectile              Hexes/Translocation          3
   e - Cause Fear                     Hexes                        4
   f - Leda's Liquefaction            Hexes/Earth                  4
Comestibles
 b - 11 bread rations
 f - 6 fruits
 n - a royal jelly
 t - 8 meat rations
 B - 5 chunks of flesh


   Skills:
 + Level 4.8 Fighting
 + Level 0.1 Throwing
 + Level 6.1 Dodging
 - Level 1.0 Stealth
 + Level 12.4 Unarmed Combat
 + Level 1.3 Spellcasting
 * Level 1.2 Charms
 * Level 3.8 Translocations
 + Level 14.5 Invocations
 + Level 0.1 Evocations


You had 6 spell levels left.
You knew the following spells:

 Your Spells              Type           Power        Failure   Level  Hunger
a - Blink                 Tloc           N/A          14%         2    ###....
b - Regeneration          Chrm/Necr      #.........   71%         3    ####...
c - Ozocubu's Armour      Chrm/Ice       #.......     71%         3    ####...


Dungeon Overview and Level Annotations

Branches:
Dungeon (10/15)            Temple (0/1) D:4            Lair (5/6) D:9
  Swamp (0/4) Lair:4        Snake (0/4) Lair:2
  Slime: Lair:5-6       Orc: D:9-12

Altars:
Cheibriados
Dithmenos
Elyvilon
Fedhas
Hepliaklqana
Kikubaaqudgha
Makhleb
Qazlal
Sif Muna
Trog
Uskayaw
Xom
The Shining One

Shops:
D:5 (


Innate Abilities, Weirdness & Mutations

You are too large for most types of armour.
You have claws for hands.
Your metabolism is lightning-fast.
You like to eat raw meat.
Your natural rate of healing is unusually fast.
You are covered in fur. (AC +1)
You have very tough skin. (AC +2)
You have supernaturally acute eyesight. (SInv)
Your muscles are strong. (Str +2)


Message History

The five-headed hydra bites you!
The five-headed hydra barely misses you.
The five-headed hydra bites you. The five-headed hydra bites you!
The five-headed hydra bites you but does no damage.
A demon appears!
The five-headed hydra bites you! The five-headed hydra misses you.
The five-headed hydra bites you.
* * * LOW HITPOINT WARNING * * *
The five-headed hydra bites you!
* * * LOW HITPOINT WARNING * * *
The five-headed hydra bites you.
* * * LOW HITPOINT WARNING * * *
Casting: Blink
Confirm with . or Enter, or press ? or * to list all spells.
You miscast Blink.
You are very lightly contaminated with residual magic.
The floor and the ceiling briefly switch places.
The five-headed hydra bites you.
* * * LOW HITPOINT WARNING * * *
The five-headed hydra bites you!
You die...

≈≈.≈≈...#.##.#......[#
≈≈≈≈≈≈≈.............#
≈≈≈≈≈≈≈.............##
≈≈≈≈≈≈..D............#
≈≈≈≈≈≈...............#
≈≈≈≈≈.......#....P..#
............##.#....#
.........#....P..##
##..........D@....##
.........#.....3...#
#......"....P....##
##......#.........#
........#.#......##
.........#...##..###
#P................=# #
...................# .
..................##


You could see a five-headed hydra and a friendly smoke demon.

Vanquished Creatures
  The ghost of Scuka the Bludgeoner, a journeyman MiFi of Okawaru (Lair:2)
  Josephine (Lair:4)
  A hydra (Lair:3)
  Erica (D:8)
  The ghost of adept the Fighter, a journeyman GrBe of Trog (Lair:2)
  2 two-headed ogres
  Sonja (Lair:2)
  Nergalle (Lair:4)
  The ghost of feelmyfire the Thaumaturge, a novice DEFE of Vehumet (D:10)
  Pikel (D:6)
  2 black mambas
  Psyche (D:8)
  7 spiny frogs
  4 komodo dragons
  5 polar bears
  Grinder (D:5)
  12 blink frogs
  3 hippogriffs
  Sigmund (D:5)
  The ghost of dvd the Cudgeler, an amateur TrMo (D:3)
  A spriggan (Lair:3)
  3 wraiths (Lair:4)
  36 yaks
  3 wyverns
  3 fire bats (Lair:2)
  2 nagas (Lair:2)
  11 porcupines
  7 water moccasins
  2 orc warriors
  A black bear (Lair:3)
  2 ice beasts
  A sky beast (D:8)
  2 necrophages
  3 phantoms
  10 ogres
  12 wolves
  3 centaurs
  9 crocodiles
  Blork the orc (D:5)
  A big kobold (D:7)
  8 bullfrogs
  Dowan (D:7)
  5 scorpions
  5 howler monkeys
  An electric eel (Lair:5)
  3 crimson imps
  A bullfrog zombie (D:5)
  2 quasits
  8 orc priests
  2 bullfrog skeletons
  5 hounds
  3 centaur skeletons
  3 centaur zombies
  Crazy Yiuf (D:5)
  6 jellies
  2 iguanas
  10 orc wizards
  4 worker ants
  A hound zombie (D:9)
  2 gnolls
  9 adders
  A shadow imp (D:5)
  2 adder zombies (D:5)
  2 worms (D:3)
  4 dart slugs
  3 leopard geckos
  36 orcs
  2 ball pythons
  3 giant cockroaches
  6 hobgoblins
  13 jackals
  16 kobolds
  9 quokkas
  10 bats
  A frilled lizard (D:2)
  12 goblins
  A leopard gecko skeleton (D:8)
  7 rats
  A fungus (D:9)
372 creatures vanquished.

Vanquished Creatures (collateral kills)
  A hydra (Lair:3)
  A death yak (Lair:4)
  An unseen horror (D:10)
  The ghost of StormFighter the Frost Mage, a novice DEIE of Vehumet (D:6)
  A rime drake (Lair:5)
  3 blink frogs (Lair:3)
  2 hippogriffs
  A yak (Lair:5)
  Menkaure (D:5)
  Duvessa (D:7)
  2 nagas (Lair:2)
  4 wolves
  A scorpion (D:9)
  2 orcs
  A jackal (D:6)
23 creatures vanquished.

Vanquished Creatures (others)
  A porcupine (Lair:3)
  A slave (D:6)
  2 vampire bats (D:6)
  An orc wizard (D:4)
  A gnoll (D:6)
  2 bats (D:6)
  2 fungi
10 creatures vanquished.

Grand Total: 405 creatures vanquished

Notes
Turn   | Place    | Note
-------+----------+-------------------------------------------
     0 | D:1      | dvd the Troll Monk began the quest for the Orb.
     0 | D:1      | Reached XP level 1. HP: 22/22 MP: 0/0
   180 | D:1      | Reached XP level 2. HP: 29/29 MP: 1/1
   797 | D:2      | Found a faded altar of an unknown god.
   799 | D:2      | Became a worshipper of Makhleb the Destroyer
   799 | D:2      | Reached * piety under Makhleb
   799 | D:2      | Reached ** piety under Makhleb
   925 | D:2      | Reached XP level 3. HP: 36/36 MP: 2/2
  1056 | D:2      | Found a bloodstained altar of Trog.
  1063 | D:2      | Found a shadowy altar of Dithmenos.
  1068 | D:2      | Found a hide-covered altar of Uskayaw.
  1286 | D:2      | Reached *** piety under Makhleb
  1559 | D:3      | Reached XP level 4. HP: 37/44 MP: 3/3
  1742 | D:3      | Reached skill level 1 in Invocations
  1988 | D:3      | Reached XP level 5. HP: 50/50 MP: 4/4
  2159 | D:3      | Found a white marble altar of Elyvilon.
  2159 | D:3      | Found a snail-covered altar of Cheibriados.
  2164 | D:3      | Found a blossoming altar of Fedhas.
  2166 | D:3      | Found a hazy altar of Hepliaklqana.
  2167 | D:3      | Found a shimmering altar of Xom.
  2287 | D:3      | Noticed dvd's ghost (amateur TrMo)
  2301 | D:3      | Killed dvd's ghost
  2301 | D:3      | Reached skill level 5 in Unarmed Combat
  2301 | D:3      | Reached skill level 2 in Invocations
  2301 | D:3      | Reached XP level 6. HP: 35/59 MP: 4/6
  2560 | D:4      | Found a staircase to the Ecumenical Temple.
  2590 | D:4      | Reached **** piety under Makhleb
  2839 | D:4      | Learned a level 2 spell: Blink
  2839 | D:4      | Reached skill level 3 in Invocations
  3282 | D:4      | Reached XP level 7. HP: 67/67 MP: 8/8
  3303 | D:4      | Reached skill level 4 in Invocations
  3388 | D:4      | Found an ancient bone altar of Kikubaaqudgha.
  3388 | D:4      | Found a stormy altar of Qazlal.
  3390 | D:4      | Found a glowing golden altar of the Shining One.
  3461 | D:5      | Entered Level 5 of the Dungeon
  3505 | D:5      | Found Ajerist's Weapon Emporium.
  3571 | D:5      | Reached skill level 5 in Invocations
  3627 | D:5      | Reached XP level 8. HP: 59/75 MP: 9/11
  3629 | D:5      | Noticed Sigmund
  3644 | D:5      | Killed Sigmund
  3719 | D:5      | Found a deep blue altar of Sif Muna.
  3774 | D:5      | Reached skill level 6 in Invocations
  3870 | D:5      | Noticed Grinder
  3879 | D:5      | Killed Grinder
  3886 | D:5      | Noticed Menkaure
  3890 | D:5      | Killed Menkaure
  3921 | D:5      | Found a runed door.
  3925 | D:5      | Noticed Crazy Yiuf
  3929 | D:5      | Killed Crazy Yiuf
  4025 | D:5      | Noticed Blork the orc
  4033 | D:5      | Reached skill level 7 in Invocations
  4035 | D:5      | Killed Blork the orc
  4239 | D:6      | Noticed StormFighter's ghost (novice DEIE)
  4493 | D:5      | Reached XP level 9. HP: 81/81 MP: 13/13
  4588 | D:6      | Noticed Pikel
  4596 | D:6      | Killed Pikel
  4596 | D:6      | Reached skill level 8 in Invocations
  4632 | D:6      | Killed StormFighter's ghost
  5188 | D:7      | Reached skill level 9 in Invocations
  5454 | D:7      | Reached ***** piety under Makhleb
  5504 | D:7      | Noticed Duvessa
  5507 | D:7      | Noticed Dowan
  5511 | D:7      | Killed Dowan
  5517 | D:7      | Killed Duvessa
  6067 | D:8      | Noticed Erica
  6071 | D:8      | Killed Erica
  6071 | D:8      | Reached skill level 1 in Spellcasting
  6071 | D:8      | Reached XP level 10. HP: 91/91 MP: 16/16
  6106 | D:8      | Reached skill level 10 in Invocations
  6126 | D:8      | Learned a level 3 spell: Regeneration
  6237 | D:8      | Noticed Psyche
  6248 | D:8      | Killed Psyche
  6375 | D:9      | HP: 4/91 [hippogriff (1)]
  6379 | D:8      | HP: 1/91 [hippogriff (3)]
  6395 | D:8      | HP: 4/91 [water moccasin (9)]
  6508 | D:9      | Noticed a two-headed ogre
  6516 | D:9      | Killed a two-headed ogre
  6728 | D:9      | Reached skill level 11 in Invocations
  6823 | D:9      | Reached skill level 1 in Translocations
  6849 | D:9      | Reached skill level 10 in Unarmed Combat
  7069 | D:9      | Found a staircase to the Lair.
  7080 | D:9      | Reached XP level 11. HP: 50/98 MP: 18/18
  7721 | D:10     | Entered Level 10 of the Dungeon
  7747 | D:10     | Noticed a two-headed ogre
  7752 | D:10     | Killed a two-headed ogre
  7836 | D:10     | Noticed feelmyfire's ghost (novice DEFE)
  7845 | D:10     | Killed feelmyfire's ghost
  7884 | D:10     | Found a shadowy altar of Dithmenos.
  7894 | D:10     | Killed an unseen horror
  8196 | D:10     | Reached skill level 12 in Invocations
  8391 | D:10     | Gained mutation: Your muscles are strong. (Str +2) [potion of mutation]
  8391 | D:10     | Gained mutation: You have supernaturally acute eyesight. (SInv) [potion of mutation]
  8488 | Lair:1   | Entered Level 1 of the Lair of Beasts
  9402 | Lair:2   | Noticed Sonja
  9410 | Lair:2   | Noticed Scuka's ghost (journeyman MiFi)
  9596 | Lair:2   | Noticed adept's ghost (journeyman GrBe)
  9698 | Lair:2   | Reached skill level 13 in Invocations
  9776 | Lair:2   | Killed Scuka's ghost
  9776 | Lair:2   | Reached skill level 5 in Dodging
  9776 | Lair:2   | Reached XP level 12. HP: 65/107 MP: 20/20
  9781 | Lair:2   | Found a dark tunnel.
  9917 | Lair:2   | Found a staircase to the Snake Pit.
 10358 | Lair:2   | Killed Sonja
 10436 | Lair:2   | Killed adept's ghost
 10925 | Lair:3   | HP: 4/107 [blink frog (7)]
 11426 | Lair:3   | Noticed a six-headed hydra
 11434 | Lair:3   | Killed a six-headed hydra
 11447 | Lair:3   | Reached skill level 14 in Invocations
 11843 | Lair:3   | Noticed a five-headed hydra
 11856 | Lair:3   | Killed a five-headed hydra
 11931 | Lair:4   | Noticed Nergalle
 11939 | Lair:4   | Killed Nergalle
 12321 | Lair:3   | Reached XP level 13. HP: 59/117 MP: 22/22
 12446 | Lair:4   | Reached ****** piety under Makhleb
 12581 | Lair:4   | Learned a level 3 spell: Ozocubu's Armour
 12658 | Lair:4   | Noticed Josephine
 12753 | Lair:4   | Found a staircase to the Swamp.
 12895 | Lair:4   | Killed Josephine
 13436 | Lair:5   | Reached skill level 1 in Charms
 13654 | Lair:5   | Slain by a five-headed hydra

Skill      XL: |  1  2  3  4  5  6  7  8  9 10 11 12 13 |
---------------+----------------------------------------+-----
Unarmed Combat | 4 5 6 8 9 10 11 12 | 12.4
Invocations    | 1 2 3 5 7 9 11 13 14 | 14.5
Dodging        | 3 4 5 6 |  6.1
Fighting       | 3 4 |  4.8
Spellcasting   | 1 |  1.3
Translocations | 1 2 3 |  3.8
Charms         | 1 |  1.2
Throwing       | |  0.1
Stealth        | |  1.0
Evocations     | |  0.1

Action                   |  1- 3 |  4- 6 |  7- 9 | 10-12 | 13-15 || total
-------------------------+-------+-------+-------+-------+-------++-------
Melee: Unarmed           |    69 |   100 |   144 |   442 |    86 ||   841
       Punch             |       |     1 |     3 |    28 |     8 ||    40
Throw: Stone             |       |       |       |     1 |       ||     1
 Cast: Blink             |       |       |     2 |     6 |     2 ||    10
Invok: Minor Destruction |    15 |    59 |   127 |   270 |    60 ||   531
       Lesser Servant of |       |       |     6 |    15 |     5 ||    26
       Major Destruction |       |       |       |     1 |       ||     1
Evoke: Wand              |       |       |       |     2 |       ||     2
  Use: Scroll            |       |       |     7 |     7 |     1 ||    15
       Potion            |       |       |       |    16 |       ||    16
 Stab: Sleeping          |     3 |       |     1 |     1 |       ||     5
       Distracted        |       |       |       |     1 |       ||     1
  Eat: Chunk             |    15 |    20 |    26 |    57 |    12 ||   130
Armor: Robe              |    25 |    27 |    45 |   127 |    27 ||   251
Dodge: Dodged            |    43 |    48 |    88 |   247 |    73 ||   499
